 Dungeon Crawl Stone Soup version 0.19-a0-526-gbe2e51c (webtiles) character file.

24570 nubinia the Destroyer (level 13, -1/72 HPs)
             Began as a Gargoyle Fire Elementalist on June 7, 2016.
             Was a High Priest of Hepliaklqana.
             Slain by Maud
             ... wielding a +4 war axe
              (16 damage)
             ... on level 5 of the Lair of Beasts.
             The game lasted 01:39:09 (15968 turns).

nubinia the Destroyer (Gargoyle Fire Elementalist) Turns: 15968, Time: 01:39:10

Health: -1/72      AC: 21    Str: 11    XL:     13   Next: 14%
Magic:  8/25       EV: 15    Int: 25    God:    Hepliaklqana [*****.]
Gold:   999        SH:  0    Dex: 11    Spells: 6 memorised, 11 levels left

rFire  . . .     SeeInvis .     b - +3 flail (protect)
rCold  . . .     Gourm    .     D - +2 robe {rN+}
rNeg   + + .     Faith    .     (no shield)
rPois  ∞         Spirit   .     (no helmet)
rElec  +         Dismiss  .     (no cloak)
rCorr  .         Reflect  .     h - +0 pair of gloves
SustAt .         Harm     .     M - +1 pair of boots
MR     .....                    Z - amulet of magic regeneration
Stlth  ++++......               X - ring of flight
                                F - +2 ring of intelligence

@: not resistant to hostile enchantments, stealthy
A: clever 1, negative energy resistance 1, electricity resistance, unbreathing,
petrification resistance, rot immunity, AC +9
a: Recall Ancestor, Ancestor Identity, Transference, Idealise, Renounce
Religion, Evoke Flight


You were on level 5 of the Lair of Beasts.
You worshipped Hepliaklqana.
Hepliaklqana was extremely pleased with you.
You were very hungry.

You visited 3 branches of the dungeon, and saw 16 of its levels.

You collected 999 gold pieces.

Inventory:

Hand Weapons
 a - the +5 whip of Contradiction {drain, Stlth+}
   (You found it on level 5 of the Lair of Beasts)

   A truly terrible weapon, it drains the life of those it strikes.
   It makes you more stealthy.
 b - a +3 flail of protection (weapon)
 d - a +2 whip of electrocution
 f - a +0 blowgun
 I - a +1 whip of flaming
 P - the +7 long sword of the Mosquito {slice, rElec MP+9 Int-4 Dex+8}
   (You found it on level 9 of the Dungeon)

   It inflicts extra damage upon your enemies.
   It affects your intelligence (-4).
   It affects your dexterity (+8).
   It insulates you from electricity.
   It affects your magic capacity (+9).
Missiles
 c - 9 curare-tipped needles
 u - 32 poisoned needles
Armour
 h - a +0 pair of gloves (worn)
 t - a +0 robe
 y - a +0 leather armour
 D - a +2 robe of positive energy (worn)
 M - a +1 pair of boots (worn)
Jewellery
 F - a +2 ring of intelligence (left hand)
 X - a ring of flight (right hand)
 Z - an amulet of magic regeneration (around neck)
Wands
 g - a wand of iceblast (6/15)
 G - a wand of iceblast (2/15)
 T - a wand of teleportation (4/9)
Scrolls
 l - 3 scrolls of recharging
 o - 5 scrolls of remove curse
 r - a scroll of blinking
 x - 4 scrolls of identify
 J - 2 scrolls of teleportation
 K - a scroll of magic mapping
Potions
 e - a potion of invisibility
 i - 5 potions of brilliance
 m - 4 potions of flight
 p - a potion of magic
 s - 4 potions of curing
 w - a potion of agility
 z - 2 potions of cure mutation
Books
 j - a book of Battle

   Spells                             Type                      Level
   a - Infusion                       Charms                       1
   b - Shroud of Golubria             Charms/Translocation         2
   c - Song of Slaying                Charms                       2
   d - Spectral Weapon                Hexes/Charms                 3
   e - Regeneration                   Charms/Necromancy            3
Comestibles
 E - 12 fruits


   Skills:
 + Level 5.2 Fighting
 + Level 0.8 Long Blades
 + Level 4.8 Maces & Flails
 + Level 1.3 Armour
 + Level 6.4 Dodging
 + Level 7.5 Stealth
 + Level 8.5 Spellcasting
 * Level 12.5 Conjurations
 + Level 10.6 Fire Magic
 + Level 2.9 Air Magic
 - Level 2.0 Poison Magic
 + Level 0.3 Evocations


You had 11 spell levels left.
You knew the following spells:

 Your Spells              Type           Power        Failure   Level  Hunger
a - Flame Tongue          Conj/Fire      #####        1%          1    None
b - Throw Flame           Conj/Fire      ######       1%          2    None
c - Mephitic Cloud        Conj/Pois/Air  #####...     1%          3    None
d - Sticky Flame          Conj/Fire      ######..     1%          4    ##.....
e - Fireball              Conj/Fire      ######....   1%          5    ####...
C - Conjure Flame         Conj/Fire      ######..     1%          3    None


Dungeon Overview and Level Annotations

Branches:
Dungeon (10/15)            Temple (1/1) D:5            Lair (5/8) D:10
 Spider (0/4) Lair:4
  Swamp: Lair:3-6    Shoals: Lair:3-6       Orc: D:9-12

Altars:
Ashenzari
Cheibriados
Dithmenos
Elyvilon
Fedhas
Gozag
Hepliaklqana
Kikubaaqudgha
Makhleb
Nemelex Xobeh
Okawaru
Pakellas
Qazlal
Ru
Sif Muna
Trog
Uskayaw
Vehumet
Xom
Yredelemnul
Zin
The Shining One

Portals:
Trove: D:10 (give wand of hasting (9))

Annotations:
D:9 Gastronok
Lair:5 Maud


Innate Abilities, Weirdness & Mutations

You are resistant to torment.
Your stone body is resilient. (AC +9)
You are immune to poison.
You resist negative energy. (rN+)
You are resistant to electric shocks. (rElec)
You can survive without breathing.
You are immune to petrification.
You are immune to rotting.
Your mind is acute. (Int +2)


Message History

You are starving!
Unknown command.
Eat which item? (? for menu, Esc to quit)
You are feeling very hungry.
Maud hits you but does no damage.
That choko was very bland.
Maud hits you with an enchanted war axe!!
* * * LOW HITPOINT WARNING * * *
There is a stone staircase leading up here.
Maud screams, "If you give me 'Entarex', I'll let you live!"
Casting: Fireball
Confirm with . or Enter, or press ? or * to list all spells.
Aiming: Mephitic Cloud
Press: ? - help, Shift-Dir - straight line, f - Maud
Aim: Maud, wielding an enchanted war axe and wearing a chain mail The ball explodes into a vile cloud!
The stinking cloud engulfs Maud.
Maud is engulfed in noxious fumes.
Maud is engulfed in noxious fumes.
Maud hits you with an enchanted war axe!
You die...

..#.####.##.....#.###.....
...###.#.........#.....#...
#..<....###...P.....♣ #
###...#### ##....###.$
##.#P.....######...## +
.....P§§...P##......#
.......§§...............#
P.....§@###...P^....#..##
....###.@#.##...###.##.#
.... #.......... ## ## ...
#.#.###P##. .# ##### ## ##


You could see Maud.

Vanquished Creatures
  Rupert (Lair:5)
  Snorg (Lair:3)
  2 hydras
  Harold (Lair:3)
  Sonja (Lair:4)
  2 hill giants (D:10)
  Pikel (D:6)
  4 elephants
  4 black mambas
  Psyche (D:9)
  4 spiny frogs
  3 komodo dragons
  A troll (D:10)
  4 blink frogs
  A basilisk (Lair:2)
  12 yaks
  A wyvern (D:10)
  2 humans (D:7)
  5 hippogriffs
  A steam dragon (D:10)
  4 water moccasins
  5 porcupines
  Duvessa (D:7)
  A hell hound (D:10)
  2 ice beasts
  A sky beast (D:9)
  2 black bears
  2 phantoms
  An ogre (D:9)
  A wolf (Lair:1)
  A centaur (D:6)
  6 crocodiles
  7 giant frogs
  Dowan (D:7)
  8 scorpions
  4 killer bees (D:10)
  9 wights
  An electric eel (Lair:4)
  2 howler monkeys
  3 crimson imps
  2 centaur skeletons
  A gnoll shaman (D:9)
  5 orc priests
  11 orc wizards
  Jessica (D:2)
  2 hexers
  5 iguanas
  7 worker ants
  9 sheep
  A hound skeleton (D:4)
  11 gnolls
  8 adders
  8 river rats (Lair:2)
  3 shadow imps
  An adder zombie (D:9)
  6 worms
  3 giant geckos
  25 orcs
  7 giant cockroaches
  2 goblins (D:2)
  11 hobgoblins
  4 jackals
  3 quokkas
  A ball python (D:2)
  10 bats
  13 giant newts
  2 jackal skeletons (D:4)
  10 kobolds
  7 rats
293 creatures vanquished.

Vanquished Creatures (collateral kills)
  A hydra (Lair:4)
  An elephant (Lair:2)
  A spiny frog (Lair:2)
  A centaur skeleton (D:8)
  A komodo dragon (Lair:4)
  4 blink frogs
  A hippogriff (Lair:2)
  A water moccasin (Lair:3)
  A porcupine (Lair:3)
  A hell hound (D:10)
  An ice beast (D:6)
  3 ogres
  A crocodile (Lair:5)
  3 wolves (Lair:1)
  A giant frog (Lair:2)
  A scorpion (D:8)
  A wyvern skeleton (D:10)
  2 killer bees (D:10)
  3 wights (D:7)
  A howler monkey (D:8)
  A giant frog zombie (D:10)
  An orc wizard (D:5)
  4 iguanas
  A worker ant (D:9)
  2 sheep (Lair:1)
  A hound skeleton (D:7)
  A howler monkey zombie (D:7)
  A worker ant zombie (D:10)
  2 river rats (Lair:2)
  2 adders
  A shadow imp (D:9)
  An adder skeleton (D:5)
  A giant gecko (D:8)
  4 orcs
  A bat (D:8)
  A giant gecko zombie (D:7)
  A fungus (D:8)
56 creatures vanquished.

Vanquished Creatures (others)
  A giant frog (Lair:2)
  4 hexers
  5 sheep (D:5)
  An ancestor (D:8)
  A quokka (D:9)
  7 fungi
19 creatures vanquished.

Grand Total: 368 creatures vanquished

Notes
Turn   | Place    | Note
--------------------------------------------------------------
     0 | D:1      | nubinia the Gargoyle Fire Elementalist began the quest for the Orb.
     0 | D:1      | Reached XP level 1. HP: 10/10 MP: 3/3
   490 | D:2      | Reached XP level 2. HP: 15/15 MP: 1/5
   553 | D:2      | Learned a level 2 spell: Throw Flame
   774 | D:2      | Noticed Jessica
   779 | D:2      | Killed Jessica
   779 | D:2      | Reached XP level 3. HP: 19/20 MP: 2/6
   821 | D:2      | Learned a level 3 spell: Conjure Flame
   938 | D:2      | Found a sparkling altar of Nemelex Xobeh.
  1055 | D:2      | Reached XP level 4. HP: 24/24 MP: 2/7
  1428 | D:2      | Reached skill level 1 in Fighting
  2429 | D:2      | Reached XP level 5. HP: 25/30 MP: 4/8
  2714 | D:3      | Reached skill level 2 in Conjurations
  2955 | D:3      | Found an ancient bone altar of Kikubaaqudgha.
  3190 | D:3      | Reached XP level 6. HP: 26/35 MP: 2/10
  3780 | D:4      | Found a sacrificial altar of Ru.
  4384 | D:4      | Reached skill level 3 in Conjurations
  4530 | D:4      | Reached skill level 1 in Armour
  4777 | D:4      | Learned a level 4 spell: Sticky Flame
  5024 | D:4      | Reached XP level 7. HP: 31/40 MP: 5/12
  5371 | D:5      | Entered Level 5 of the Dungeon
  5649 | D:5      | Found a staircase to the Ecumenical Temple.
  5656 | Temple   | Entered the Ecumenical Temple
  5673 | Temple   | Became a worshipper of Hepliaklqana
  5901 | D:5      | Reached skill level 4 in Conjurations
  5908 | D:5      | Reached skill level 1 in Maces & Flails
  5908 | D:5      | Reached skill level 5 in Fire Magic
  6121 | D:5      | Found a glowing golden altar of the Shining One.
  6124 | D:5      | Found a stormy altar of Qazlal.
  6127 | D:5      | Found a hide-covered altar of Uskayaw.
  6366 | D:5      | Found a shimmering altar of Xom.
  6536 | D:6      | Reached XP level 8. HP: 27/44 MP: 0/13
  6853 | D:6      | Reached skill level 5 in Conjurations
  6974 | D:6      | Noticed Pikel
  6982 | D:6      | Killed Pikel
  6982 | D:6      | Reached skill level 6 in Conjurations
  7060 | D:6      | Reached * piety under Hepliaklqana
  7305 | D:7      | Found an opulent altar of Gozag.
  7322 | D:7      | Reached XP level 9. HP: 47/49 MP: 5/15
  7554 | D:7      | Noticed Duvessa
  7574 | D:7      | Killed Duvessa
  7589 | D:7      | Noticed Dowan
  7609 | D:7      | Killed Dowan
  7723 | D:7      | Found an iron altar of Okawaru.
  7739 | D:7      | Reached skill level 7 in Conjurations
  8244 | D:7      | Reached skill level 5 in Spellcasting
  8681 | D:8      | Reached skill level 8 in Conjurations
  8709 | D:8      | Learned a level 3 spell: Mephitic Cloud
  8763 | D:8      | Reached XP level 10. HP: 55/55 MP: 15/18
  8993 | D:8      | Reached ** piety under Hepliaklqana
  8994 | D:8      | Remembered your ancestor Ku-aya as a hexer
  9343 | D:9      | Found a shimmering altar of Xom.
  9343 | D:9      | Noticed an angel
  9346 | D:9      | Found a glowing silver altar of Zin.
  9349 | D:9      | Found an oddly glowing altar of Pakellas.
  9349 | D:9      | Noticed Psyche
  9356 | D:9      | Killed Psyche
  9601 | D:9      | Got a smoking long sword
  9604 | D:9      | Identified the +7 long sword of the Mosquito {slice, rElec MP+9 Int-4 Dex+8} (You found it on level 9 of the Dungeon)
  9687 | D:9      | Learned a level 5 spell: Fireball
  9690 | D:9      | Noticed Gastronok
  9924 | D:9      | Found an oddly glowing altar of Pakellas.
  9931 | D:9      | Found a bloodstained altar of Trog.
  9958 | D:9      | Reached skill level 9 in Conjurations
  9963 | D:9      | Reached skill level 5 in Stealth
 10360 | D:10     | Entered Level 10 of the Dungeon
 10465 | D:10     | Found a portal to a secret trove of treasure.
 10498 | D:10     | Noticed a seven-headed hydra
 10514 | D:10     | Killed a seven-headed hydra
 10514 | D:10     | Reached skill level 1 in Air Magic
 10514 | D:10     | Reached skill level 1 in Poison Magic
 10514 | D:10     | Reached XP level 11. HP: 41/60 MP: 5/20
 10637 | D:10     | Reached skill level 5 in Dodging
 10712 | D:10     | Noticed a hill giant
 10723 | D:10     | Killed a hill giant
 10913 | D:10     | Found a staircase to the Lair.
 11087 | D:10     | Noticed a hill giant
 11096 | D:10     | Killed a hill giant
 11304 | Lair:1   | Entered Level 1 of the Lair of Beasts
 11443 | Lair:1   | Reached skill level 10 in Conjurations
 11558 | Lair:1   | Reached *** piety under Hepliaklqana
 13061 | Lair:2   | Gained mutation: Your mind is acute. (Int +2) [potion of beneficial mutation]
 13108 | Lair:2   | Reached XP level 12. HP: 54/66 MP: 18/22
 13342 | Lair:2   | Reached **** piety under Hepliaklqana
 13387 | Lair:2   | Reached skill level 11 in Conjurations
 13397 | Lair:2   | Reached skill level 10 in Fire Magic
 13963 | Lair:3   | Noticed Snorg
 13973 | Lair:3   | Killed Snorg
 14162 | Lair:3   | Noticed Harold
 14174 | Lair:3   | Killed Harold
 14736 | Lair:4   | Noticed Sonja
 14743 | Lair:4   | Noticed a seven-headed hydra
 14746 | Lair:4   | Killed Sonja
 14750 | Lair:4   | Killed a seven-headed hydra
 14930 | Lair:4   | Found a hole to the Spider Nest.
 14944 | Lair:4   | Noticed a four-headed hydra
 14957 | Lair:4   | Killed a four-headed hydra
 15081 | Lair:4   | Reached ***** piety under Hepliaklqana
 15156 | Lair:4   | Reached skill level 12 in Conjurations
 15707 | Lair:5   | Noticed Rupert
 15795 | Lair:5   | Reached skill level 5 in Fighting
 15802 | Lair:5   | Got a translucent whip
 15803 | Lair:5   | Identified the +5 whip of Contradiction {drain, Stlth+} (You found it on level 5 of the Lair of Beasts)
 15914 | Lair:5   | Reached XP level 13. HP: 72/72 MP: 10/25
 15933 | Lair:5   | Noticed Maud
 15946 | Lair:5   | Killed Rupert
 15968 | Lair:5   | Slain by Maud

Vault maps used:
D:1:      tarquinn_simple_flora_water_f
D:2:      lemuel_doored_altar, first_bread, minmay_newt_pond, uniq_jessica
D:3:      kiku_gazebo_pond_becter, grunt_ministairs_8
D:4:      nicolae_ru_sacrificial_ziggurat
D:5:      grunt_temple_overflow_diamond, minmay_temple_entry_junction2,
          kb_xom_exploding_sheep
D:6:      uniq_pikel
D:7:      okawaru_humans, basic_altar, uniq_duvessa
D:8:      old_forge, sigmund_army
D:9:      grunt_temple_overflow_order_and_chaos_1,
          amethyst_overflow_temple_binary, basic_altar, uniq_psyche,
          uniq_gastronok
D:10:     minmay_lair_entry_lava, enter_trove_2
Temple:   zaba_magenta_temple_12
Lair:1:   grunt_megastairs_2
Lair:2:   serial_bayou_shore_b
Lair:3:   uniq_snorg, uniq_harold
Lair:4:   dummy_spider_entry, serial_forest, infiniplex_forest_clump_diagonal,
          infiniplex_forest_end_3, infiniplex_forest_clump_tiny,
          infiniplex_forest_join, infiniplex_forest_lined_2,
          infiniplex_forest_end_2, infiniplex_forest_end_2,
          infiniplex_staircase_pool, uniq_sonja
Lair:5:   minmay_swamp_entry_wisps, grunt_megastairs_4, uniq_maud, uniq_rupert

Skill      XL: |  1  2  3  4  5  6  7  8  9 10 11 12 |
---------------+-------------------------------------+-----
Stealth        | 3 4 5 6 7 |  7.5
Fighting       | 1 2 3 5 |  5.2
Dodging        | 2 3 4 5 6 |  6.4
Conjurations   | 2 3 4 6 8 9 10 12 | 12.5
Spellcasting   | 3 4 5 6 7 8 |  8.5
Fire Magic     | 4 5 6 8 9 10 | 10.6
Armour         | 1 |  1.3
Maces & Flails | 1 2 3 4 |  4.8
Air Magic      | 1 2 |  2.9
Poison Magic   | 1 2 |  2.0
Long Blades    | |  0.8
Evocations     | |  0.3

Action                   |  1- 3 |  4- 6 |  7- 9 | 10-12 | 13-15 || total
-------------------------+-------+-------+-------+-------+-------++-------
Melee: Mace              |    38 |       |       |     5 |       ||    43
       Short sword       |     1 |    25 |       |       |       ||    26
       Whip              |       |    82 |   119 |   219 |       ||   420
       Flail             |       |       |       |   174 |     4 ||   178
       Long sword        |       |       |       |    26 |       ||    26
 Cast: Flame Tongue      |    29 |    84 |    86 |   149 |       ||   348
       Throw Flame       |     1 |    38 |    37 |    70 |       ||   146
       Sticky Flame      |       |       |     3 |    25 |     2 ||    30
       Conjure Flame     |       |       |     1 |     4 |       ||     5
       Mephitic Cloud    |       |       |       |    68 |     2 ||    70
       Fireball          |       |       |       |     5 |     3 ||     8
Invok: Ancestor Life: He |       |       |       |     1 |       ||     1
       Recall Ancestor   |       |       |       |     1 |       ||     1
Evoke: Wand              |       |       |       |     1 |     3 ||     4
  Use: Scroll            |       |     8 |     4 |    17 |       ||    29
       Potion            |       |     2 |     2 |     2 |     3 ||     9
 Stab: Sleeping          |     1 |     2 |       |     3 |       ||     6
       Distracted        |     1 |     1 |       |     6 |       ||     8
       Confused          |       |       |       |    31 |       ||    31
  Eat: Chunk             |     1 |    14 |    12 |    25 |       ||    52
       Pizza             |       |       |       |     1 |       ||     1
       Fruit             |       |       |       |       |     1 ||     1
Armor: Robe              |    26 |    28 |    52 |   140 |     4 ||   250
       Leather armour    |       |    20 |       |       |       ||    20
Dodge: Dodged            |    36 |    52 |    80 |   249 |     7 ||   424
